Map: Abiogenesis LE

Players

EXPRESSMAIL - Winner!

  • Race: Terran Terran
  • Spawn Location: 5:00

A.I. 1 (Elite)

  • Race: Zerg Zerg
  • Spawn Location: 11:00

VOD

Have the link to the VOD?

Description

Time

  • Played on: March 2, 2018, 7:08 p.m.
  • Length: 9:58
Show
View Real Time Build Order
Export as new Build Order

EXPRESSMAIL Terran - Winner!

Build Orders: MMM Bio 

Get SALT Encoding   

  12  0:00  SCV  
  13  0:12  SCV  
  14  0:17  Supply Depot  
  14  0:25  SCV  
  15  0:38  SCV  
  16  0:43  Barracks  
  16  0:49  Refinery  
  16  0:50  SCV  
  17  1:02  SCV  
  18  1:15  SCV  
  19  1:29  Marine  
  19  1:30  Orbital Command  
  20  1:41  Command Center  
  20  1:51  Factory  
  20  1:59  SCV  
  21  2:01  Barracks Tech Lab  
  21  2:04  Refinery  
  21  2:11  SCV  
  22  2:18  Supply Depot  
  22  2:20  Marine  
  23  2:36  Starport  
  23  2:39  Marine, SCV  
  23  2:43  Hellion  
  27  2:51  SCV  
  27  2:55  Orbital Command  
  28  2:59  Marine  
  28  3:04  SCV  
  30  3:11  Hellion  
  32  3:13  Medivac  
  32  3:18  Armory  
  32  3:19  SCV  
  35  3:27  SCV  
  35  3:32  Hellion, Combat Shields  
  38  3:38  SCV  
  38  3:40  Marine  
  40  3:41  Supply Depot  
  40  3:44  SCV  
  40  3:47  Medivac  
  43  3:50  SCV  
  43  3:54  Hellion  
  46  4:02  Marine  
  46  4:03  SCV x2  
  46  4:04  Supply Depot  
  49  4:12  Supply Depot, Liberator  
  49  4:15  SCV x2  
  49  4:16  Hellion  
  53  4:27  SCV  
  53  4:28  SCV  
  58  4:38  Factory Tech Lab  
  58  4:39  SCV  
  58  4:44  SCV  
  60  4:49  Command Center  
  60  4:51  SCV, Refinery  
  61  4:57  Refinery  
  61  4:58  SCV  
  62  5:03  Supply Depot, SCV  
  63  5:10  SCV  
  63  5:12  Marine  
  63  5:13  Stimpack  
  63  5:15  SCV  
  64  5:22  Starport Reactor, SCV  
  64  5:26  Barracks  
  64  5:27  Barracks, SCV  
  66  5:29  Marine  
  66  5:34  SCV  
  66  5:38  Siege Tank  
  66  5:40  SCV  
  68  5:46  SCV  
  68  5:47  Marine  
  68  5:49  Engineering Bay  
  66  5:50  Engineering Bay  
  66  5:52  SCV  
  66  5:59  SCV  
  66  6:00  Medivac x2  
  66  6:04  SCV  
  70  6:05  Marine  
  70  6:06  Orbital Command  
  70  6:11  SCV  
  72  6:13  Barracks Reactor  
  72  6:14  Barracks Reactor  
  72  6:15  Terran Infantry Weapons Level 1  
  72  6:16  SCV  
  73  6:23  Marine, SCV  
  75  6:28  SCV  
  75  6:29  Siege Tank  
  75  6:30  Terran Infantry Armor Level 1, Orbital Command  
  79  6:35  SCV  
  79  6:39  Supply Depot x2  
  80  6:40  SCV  
  80  6:41  Marine  
  82  6:47  SCV  
  82  6:52  SCV  
  84  6:57  Marine x4  
  84  6:58  Marine  
  84  6:59  SCV  
  90  7:04  SCV  
  90  7:05  SCV  
  90  7:08  Supply Depot  
  89  7:09  Supply Depot  
  89  7:10  Armory  
  89  7:11  SCV  
  89  7:12  Siege Tank  
  89  7:13  Medivac  
  89  7:14  Medivac  
  89  7:15  Marine  
  98  7:16  SCV  
  98  7:20  SCV  
  98  7:21  Barracks  
  100  7:23  SCV  
  100  7:28  Barracks  
  101  7:30  Marine x3  
  101  7:32  SCV  
  101  7:35  Supply Depot  
  101  7:36  Supply Depot  
  105  7:37  Refinery  
  105  7:38  Refinery  
  105  7:40  SCV x2  
  105  7:41  Marine  
  108  7:47  Siege Tank, Medivac x2  
  108  7:48  SCV  
  108  7:51  Factory  
  116  7:52  Unknown  
  116  7:53  Supply Depot  
  116  7:54  Supply Depot  
  116  7:55  Supply Depot x2  
  114  7:59  Marine  
  114  8:00  Marine x3  
  114  8:02  SCV x2  
  117  8:07  Command Center, Marine  
  119  8:21  Medivac  
  119  8:22  Medivac  
  119  8:23  Barracks, Barracks Reactor x2  
  119  8:24  Barracks  
  121  8:27  Barracks, Marine  
  121  8:28  Marine x2  
  121  8:32  Siege Tank, Marine  
  128  8:35  Factory Tech Lab  
  128  8:39  Marine, Liberator  
  128  8:45  Marine x2  
  128  8:55  Marine  
  127  9:00  Marine  
  131  9:05  Siege Tank, Marine x7  
  131  9:07  Siege Tank  
  141  9:13  Marine  
  141  9:16  Barracks  
  141  9:17  Barracks x2  
  141  9:18  Marine  
  141  9:19  Barracks  
  141  9:23  Marine x2  
  144  9:31  Marine x2  
  145  9:35  Marine x2  
  145  9:36  Marauder, Marine  
  157  9:39  Barracks Tech Lab  
  157  9:40  Barracks Tech Lab  
  157  9:42  Supply Depot  
  157  9:49  Supply Depot  
  157  9:52  Supply Depot x2  
Show
View Real Time Build Order
Export as new Build Order

A.I. 1 (Elite) Zerg 

Build Orders: Hatch First 

Get SALT Encoding   

  12  0:00  Drone  
  13  0:12  Overlord  
  13  0:16  Drone  
  14  0:30  Drone x2  
  14  0:34  Drone  
  17  0:55  Hatchery  
  16  0:57  Drone  
  17  1:13  Spawning Pool  
  17  1:15  Drone  
  17  1:19  Extractor  
  17  1:20  Drone  
  17  1:25  Drone  
  18  1:29  Drone  
  19  1:38  Overlord  
  19  1:49  Drone  
  20  2:00  Drone  
  20  2:01  Queen  
  20  2:07  Zergling x2  
  23  2:10  Drone  
  24  2:22  Queen  
  26  2:26  Drone  
  27  2:39  Roach Warren  
  27  2:40  Extractor  
  27  2:42  Drone  
  26  2:45  Drone  
  27  2:52  Overlord  
  27  2:54  Drone  
  27  2:58  Drone  
  29  3:01  Drone  
  29  3:04  Drone  
  31  3:08  Drone  
  31  3:10  Zergling x2  
  33  3:14  Zergling x2  
  33  3:19  Roach  
  36  3:22  Roach  
  36  3:26  Roach  
  40  3:31  Roach  
  40  3:33  Drone  
  43  3:36  Drone  
  44  3:41  Overlord  
  44  3:48  Lair  
  44  3:59  Drone x3  
  44  4:00  Drone  
  44  4:02  Drone  
  49  4:04  Drone  
  49  4:06  Drone  
  49  4:09  Drone  
  52  4:13  Overlord  
  52  4:31  Drone x3  
  52  4:32  Zergling x6, Drone x2  
  52  4:36  Overlord  
  60  4:40  Overlord  
  60  4:49  Hydralisk Den, Drone  
  60  4:51  Infestation Pit, Drone  
  60  4:55  Roach x3  
  60  4:57  Roach  
  60  4:59  Overlord  
  68  5:03  Zergling x4  
  68  5:05  Zergling x2  
  68  5:06  Zergling x2  
  67  5:08  Zergling x2  
  67  5:10  Roach  
  62  5:16  Roach  
  62  5:18  Roach  
  66  5:23  Roach, Overlord  
  66  5:24  Overlord  
  68  5:30  Hive  
  68  5:32  Zergling x2  
  68  5:33  Zergling x2  
  68  5:35  Zergling x2  
  65  5:36  Zergling x2  
  65  5:38  Zergling x2  
  65  5:42  Queen  
  63  5:44  Zergling x2  
  56  5:53  Spore Crawler  
  56  5:54  Roach  
  56  5:56  Roach  
  57  5:59  Roach  
  57  6:02  Roach  
  58  6:13  Spore Crawler, Drone  
  58  6:15  Drone  
  58  6:17  Zergling x2  
  58  6:18  Queen  
  62  6:24  Roach  
  66  6:32  Hydralisk  
  68  6:39  Hydralisk  
  65  6:41  Hydralisk  
  69  6:47  Hydralisk  
  69  6:48  Drone  
  69  6:51  Drone  
  69  6:53  Drone  
  73  6:56  Drone  
  73  6:58  Drone  
  75  7:01  Overlord  
  75  7:10  Overseer  
  75  7:16  Ultralisk Cavern  
  75  7:21  Extractor  
  75  7:22  Drone  
  74  7:23  Drone  
  74  7:28  Extractor, Drone  
  75  7:37  Metabolic Boost  
  75  7:40  Evolution Chamber  
  75  7:42  Drone  
  75  7:43  Overlord, Drone x2  
  75  7:44  Evolution Chamber, Drone  
  78  7:46  Hatchery  
  76  7:55  Drone  
  76  7:56  Zergling x2  
  76  7:58  Zergling x2  
  67  8:01  Roach  
  67  8:04  Roach  
  67  8:05  Ultralisk  
  65  8:06  Roach  
  65  8:09  Roach  
  65  8:12  Hydralisk  
  69  8:14  Hydralisk  
  69  8:17  Hydralisk  
  59  8:30  Roach  
  47  8:42  Zergling x2  
  48  8:52  Zergling x2  
Tags
 
Composition
MMM Bio
Matchup
TvZ
Spawn Locations
Cross Positions
Add a new tag
Caveats
  • Supply blocks, unpowered buildings, or Contaminate may cause inaccurate times.
  • Supply counts are checked every 10 seconds.